 Dungeon Crawl Stone Soup version 0.20-a0-465-g6513c8f (webtiles) character file.

53 Derfel the Chopper (level 3, -2/34 HPs)
             Began as a Hill Orc Monk on Jan 12, 2017.
             Slain by an ogre
             ... wielding a +0 giant club
              (19 damage)
             ... on level 3 of the Dungeon.
             The game lasted 00:04:03 (1414 turns).

Derfel the Chopper (Hill Orc Monk)                  Turns: 1414, Time: 00:04:04

Health: -2/34      AC:  5    Str: 14    XL:     3   Next: 87%
Magic:  3/3        EV: 10    Int: 10    God:
Gold:   154        SH:  3    Dex: 13    Spells: 2/2 levels left

rFire  . . .     SeeInvis .     a - +0 hand axe
rCold  . . .     Gourm    .     e - -2 ring mail (curse)
rNeg   . . .     Faith    .     n - +0 buckler
rPois  .         Spirit   .     (no helmet)
rElec  .         Reflect  .     f - +0 cloak
rCorr  .         Harm     .     (no gloves)
MR     .....                    q - +0 pair of boots
Stlth  +.........               (no amulet)
                                (no ring)
                                d - ring of wizardry

@: no status effects
A: no striking features
a: no special abilities


You were on level 3 of the Dungeon.
You were not hungry.

You visited 1 branch of the dungeon, and saw 3 of its levels.

You collected 154 gold pieces.

Inventory:

Hand Weapons
 a - a +0 hand axe (weapon)
Missiles
 i - 80 sling bullets
 s - 2 tomahawks
 u - 7 javelins (quivered)
Armour
 b - a +0 robe
 e - a cursed -2 ring mail (worn)
 f - a +0 cloak (worn)
 j - a +0 plate armour
 n - a +0 buckler (worn)
 q - a +0 pair of boots (worn)
 y - a +0 scale mail
Jewellery
 d - a ring of wizardry (left hand)
 z - an uncursed ring of fire
Scrolls
 o - a scroll of recharging {unknown}
 p - 2 scrolls of blinking {unknown}
 r - 3 scrolls of enchant weapon {unknown}
 v - 2 scrolls of teleportation {unknown}
 x - a scroll of identify {unknown}
Potions
 k - a potion of lignification {unknown}
 l - 2 potions of heal wounds {unknown}
 t - 2 potions of brilliance {unknown}
 w - a potion of curing {unknown}
Comestibles
 c - 2 bread rations
 g - a meat ration
 m - a slice of pizza


   Skills:
 + Level 4.3 Fighting
 + Level 4.7 Axes
 + Level 1.0 Armour
 - Level 2.7 Dodging
 - Level 1.9 Stealth


You had 2 spell levels left.
You didn't know any spells.

Dungeon Overview and Level Annotations

Branches:
Dungeon (3/15)

Altars:
Xom
Yredelemnul

Portals:
Sewer: D:3

Annotations:
D:3 1 runed door


Message History

You enter the shallow water.
Moving in this stuff is going to be slow.
The adder completely misses you.
Found a glowing drain.
You slash the adder!
The adder is severely wounded.
The adder closely misses you. The ogre misses you.
You hit the adder.
The adder is almost dead.
You hit the ogre but do no damage. You block the adder's attack.
The adder bites you but does no damage.
You hit the adder.
You kill the adder!
Your Armour skill increases to level 1!
You hit the ogre but do no damage. The ogre hits you with a giant club!!
Ouch! That really hurt!
The ogre closely misses you. The ogre hits you with a giant club!!
Ouch! That really hurt!
You die...

## .# .#
############O#
#≈∩≈≈≈≈@O≈.#.#
##########.#.##.###
#.# #.#....... #.#
#..# #.###.## #.#
#.##..# #.#
#.###.## #.# #.#
#..# #.# .# #
#########.# #.#..##
#.#


You could see an ogre.

Vanquished Creatures
  2 adders
  3 leopard geckos
  A giant cockroach (D:1)
  5 goblins
  5 hobgoblins
  2 kobolds
  A ball python (D:2)
  6 bats
  A frilled lizard (D:1)
  5 rats
31 creatures vanquished.

Notes
Turn   | Place    | Note
-------+----------+-------------------------------------------
     0 | D:1      | Derfel the Hill Orc Monk began the quest for the Orb.
     0 | D:1      | Reached XP level 1. HP: 19/19 MP: 1/1
   250 | D:1      | Reached XP level 2. HP: 26/27 MP: 2/2
   665 | D:2      | Reached XP level 3. HP: 29/33 MP: 3/3
  1098 | D:3      | Found a basalt altar of Yredelemnul.
  1195 | D:3      | Found a runed door.
  1339 | D:3      | Found a shimmering altar of Xom.
  1405 | D:3      | Noticed an ogre
  1409 | D:3      | Found a glowing drain.
  1412 | D:3      | Reached skill level 1 in Armour
  1414 | D:3      | Slain by an ogre

Vault maps used:
D:1:      dpeg_arrival_leaves_temple_mockup
D:3:      kennysheep_ying_yang, xom_teletrap_fun, portal_sewer_entry_d,
          uniq_crazy_yiuf_cottage

Skill      XL: |  1  2  3 |
---------------+----------+-----
Fighting       | 4 |  4.3
Armour         | 1 |  1.0
Axes           | |  4.7
Dodging        | |  2.7
Stealth        | |  1.9

Action                   || total
-------------------------++-------
Melee: Hand axe          ||   101
  Eat: Chunk             ||     2
Armor: Ring mail         ||    37
Dodge: Dodged            ||    65
Block: Buckler           ||    12
